 Dungeon Crawl Stone Soup version 0.31-a0-1027-gfb7600b (webtiles) character file.

Game seed: 6172217656607771210

44 Partyfoot the Ruffian (level 3, -2/26 HPs)
             Began as a Demonspawn Shapeshifter on Nov 17, 2023.
             Slain by an adder (3 damage)
             ... on level 2 of the Dungeon.
             The game lasted 00:04:03 (991 turns).

Partyfoot the Ruffian (Demonspawn Shapeshifter)      Turns: 991, Time: 00:04:03

Health: -2/26      AC:  2    Str: 16    XL:     3   Next: 39%
Magic:  3/3        EV: 12    Int: 11    God:
Gold:   19         SH:  0    Dex: 12    Spells: 2/2 levels left

rFire   . .          .
                       - Unarmed
rCold   . . .        (no shield)
rNeg    . . .        a - +0 animal skin
rPois   .            (helmet currently unavailable)
rElec   .            (cloak currently unavailable)
rCorr   +            (gloves currently unavailable)
SInv    .            (boots currently unavailable)
Will    .....        (no amulet)
Stlth   +            k - ring of resist corrosion
HPRegen 0.24/turn    (no ring)
MPRegen 0.08/turn

%: no passive effects
@: lethally poisoned (-2 -> -7), beast-form
A: beast (slay +1), horns 1
a: Begin Untransformation


You were on level 2 of the Dungeon.
You were a hulking beast.
You visited 1 branch of the dungeon, and saw 2 of its levels.

You collected 19 gold pieces.

Inventory:

Hand Weapons
 j - the +3 hammer "Egeixa" {pain, rPois}
   (You found it on level 2 of the Dungeon)

   rPois:     It protects you from poison
Armour
 a - a +0 animal skin (worn)
 b - a +0 cloak
Jewellery
 f - a ring of flight
 k - a ring of resist corrosion (left hand)
Talismans
 c - a beast talisman
 d - a flux talisman
Scrolls
 g - a scroll of blinking {unknown}
 i - a scroll of identify {unknown}
 l - a scroll of silence {unknown}
Potions
 e - a potion of attraction {unknown}
 h - 2 potions of curing {unknown}


   Skills:
 - Level 1.0 Fighting
 - Level 1.7 Dodging
 + Level 4.0 Unarmed Combat
 - Level 2.7 Shapeshifting


You had 2 spell levels left.
You didn't know any spells.
Your spell library contained the following spells:

 Spells                   Type           Power      Damage    Failure   Level
 Foxfire                  Conj/Fire      0%         2x1d4     34%         1
 Magic Dart               Conj           0%         1d3       34%         1
 Searing Ray              Conj           0%         2d4       47%         2
 Fulminant Prism          Conj/Hex       0%         3d5       98%         4


Dungeon Overview and Level Annotations

Branches:
Dungeon (2/15)

Altars:

Annotations:
D:2 Natasha


Innate Abilities, Weirdness & Mutations

You are a hulking beast.
Your limbs bulge with bestial killing power. (Slay +1)
You have a pair of small horns on your head.


Message History

You resist with significant effort.
The adder hisses angrily.
You barely miss Natasha. Natasha claws you!
You closely miss Natasha.
Natasha stares at you and mumbles some strange words.
The magic dart hits you.
You hit Natasha.
Natasha is lightly wounded.
Natasha claws you.
Natasha stares at you and mumbles some strange words.
You resist with significant effort.
You hit the adder.
The adder is moderately wounded.
The adder bites you but does no damage.
You completely miss the adder. Your headbutt misses the adder.
The adder is moderately wounded.
The adder barely misses you. Natasha barely misses you.
The adder closely misses you.
You barely miss the adder.
The adder is moderately wounded.
The adder bites you.
You are poisoned.
The adder poisons you! Natasha claws you.
* * * LOW HITPOINT WARNING * * *
You barely miss the adder. Your headbutt misses the adder.
The adder is moderately wounded.
You feel sick. The adder bites you.
* * * LOW HITPOINT WARNING * * *
You are lethally poisoned!
The adder poisons you! Natasha claws you but does no damage.
You barely miss the adder. Your headbutt misses the adder.
The adder is moderately wounded.
* * * LOW HITPOINT WARNING * * *
You feel sick. The adder bites you but does no damage.
Natasha barely misses you.
You barely miss the adder. Your headbutt misses the adder.
The adder is moderately wounded.
* * * LOW HITPOINT WARNING * * *
You feel sick. The adder closely misses you. The adder bites you.
You die...

####.......
.......... ........ .
#..... ... #....
..?.###...### #
.......S#...#######.#
.....?.hh...........#
........####.########
###+##### #.#####
#.....#
#####.########
#######.........
................
########........
#...#.###


You could see Natasha and an adder.

Vanquished Creatures
  Crazy Yiuf (D:2)
  A worm (D:2)
  An endoplasm (D:1)
  A giant cockroach (D:1)
  4 quokkas (D:1)
  A ball python (D:1)
  2 frilled lizards (D:1)
  A goblin (D:1)
  A rat (D:1)
13 creatures vanquished.

Notes
Turn   | Place    | Note
-------+----------+-------------------------------------------
     0 | D:1      | Partyfoot the Demonspawn Shapeshifter began the quest for
                  | the Orb.
     0 | D:1      | Reached XP level 1. HP: 15/15 MP: 1/1
   293 | D:1      | Reached skill level 3 in Unarmed Combat
   443 | D:1      | Found a faded altar of an unknown god.
   453 | D:1      | Gained mutation: You have a pair of small horns on your
                  | head. [demonic ancestry]
   453 | D:1      | Reached XP level 2. HP: 14/21 MP: 2/2
   496 | D:1      | Got Plato's Elucidation of Lava
   817 | D:2      | Found a runed translucent door.
   818 | D:2      | Noticed Crazy Yiuf
   831 | D:2      | Killed Crazy Yiuf
   832 | D:2      | Reached skill level 4 in Unarmed Combat
   832 | D:2      | Reached XP level 3. HP: 26/26 MP: 3/3
   865 | D:2      | Identified the +3 hammer "Egeixa" {pain, rPois}
   959 | D:2      | Noticed Natasha
   991 | D:2      | HP: 1/26 [poisoned by an adder]
   991 | D:2      | Slain by an adder

Illustrated notes

Levels and vault maps discovered:
D:1:      minmay_arrival_wavy_path, layout_basic,
          shapermc_ecumenical_altar_rom_forum
D:2:      layout_basic, basic_altar, uniq_crazy_yiuf_cottage, uniq_natasha,
          uniq_terence

Skill      XL: |  1  2 |
---------------+-------+-----
Unarmed Combat | 3 4 |  4.0
Fighting       | |  1.0
Dodging        | |  1.7
Shapeshifting  | |  2.7

Action                     || total
---------------------------++-------
  Melee: Unarmed           ||    66
         Headbutt          ||     1
    Use: Potion            ||     1
 Armour: Animal skin       ||    33
         Skin              ||     6
  Dodge: Dodged            ||    28

Table legend: (Time is in decaauts)
 A = Elapsed time spent in this place.
 B = Non-inter-level travel time spent in this place.
 C = Inter-level travel time spent in this place.
 D = Time resting spent in this place.
 E = Time spent auto-exploring this place.
 F = Levels seen in this place.
 G = Mean time per level.
                   A        B        C        D        E       F      G
               +--------+--------+--------+--------+--------+-----+--------+
         Total |    987 |    939 |     48 |     66 |    715 |   2 |  493.5 |
       Dungeon |    987 |    939 |     48 |     66 |    715 |   2 |  493.5 |
               +--------+--------+--------+--------+--------+-----+--------+

Top non-repeatable levels by time:
     D:1: 783 daAuts
     D:2: 204 daAuts
